Map: Deathaura LE

Players

bubbs

  • Race: Terran Terran
  • Spawn Location: 11:00

ViBE - Winner!

  • Race: Terran Terran
  • League: Bronze
  • Spawn Location: 5:00

VOD

https://www.youtube.com/watch?v=VjhJ7E-kFgw&list=PLFeZeom2b4DnD3FIu7pzkXl51JX_WWz2h&index=2

Description

Time

  • Played on: March 9, 2021, 6:28 p.m.
  • Length: 13:56
Show
View Real Time Build Order
Export as new Build Order

bubbs Terran 

Build Orders:  

Get SALT Encoding   

  12  0:01  SCV  
  13  0:13  SCV  
  14  0:25  SCV  
  14  0:27  Supply Depot  
  15  0:44  Supply Depot  
  15  0:48  SCV  
  16  0:55  Refinery  
  16  0:59  Refinery  
  16  1:01  SCV  
  17  1:13  SCV  
  18  1:21  Barracks  
  18  1:25  SCV  
  19  1:37  SCV  
  20  1:49  SCV  
  21  2:01  SCV  
  22  2:13  SCV  
  23  2:16  Command Center  
  23  2:17  Reaper  
  24  2:25  SCV  
  25  2:38  Orbital Command  
  25  2:49  Reaper  
  26  3:00  Engineering Bay  
  26  3:16  SCV  
  27  3:21  Reaper  
  28  3:28  SCV  
  28  3:32  Barracks  
  29  3:37  Barracks  
  29  3:41  SCV  
  30  3:45  Planetary Fortress  
  30  3:46  Barracks  
  30  3:53  Reaper, SCV  
  30  3:54  Refinery  
  32  4:05  SCV  
  33  4:25  Bunker  
  33  4:32  Marine  
  33  4:34  Bunker, SCV  
  33  4:35  SCV  
  36  4:46  SCV  
  36  4:47  SCV  
  36  4:50  Marine  
  39  4:59  SCV  
  40  5:06  Barracks Reactor  
  40  5:08  Marine, Barracks Reactor  
  40  5:09  Barracks Reactor  
  40  5:11  SCV  
  38  5:23  SCV  
  38  5:25  Marine  
  40  5:30  Factory  
  40  5:39  SCV  
  40  5:40  SCV  
  42  5:43  Marine  
  43  5:51  SCV  
  43  5:52  SCV  
  45  5:58  Marine  
  45  5:59  Marine  
  45  6:01  Marine x3  
  45  6:02  Marine  
  45  6:03  Marine  
  45  6:04  SCV  
  53  6:05  SCV  
  54  6:23  Supply Depot  
  54  6:25  Factory Tech Lab  
  54  6:44  Marine x7  
  61  7:02  Marine x7  
  61  7:03  Supply Depot  
  68  7:20  Marine x2  
  68  7:21  Infernal Pre-Igniter  
  70  7:24  Barracks  
  70  7:25  Marine x4, Siege Tank  
  77  7:37  Marine  
  77  7:38  Marine, Supply Depot  
  77  7:40  Supply Depot  
  77  7:42  Supply Depot  
  77  7:43  Marine x4  
  83  7:45  Supply Depot  
  83  8:08  SCV x2  
  85  8:18  Widow Mine  
  87  8:20  SCV  
  87  8:21  SCV  
  89  8:38  Barracks Tech Lab  
  89  8:39  Widow Mine  
  91  8:46  Command Center  
  91  8:59  Stimpack  
  91  9:01  Widow Mine  
  93  9:05  Sensor Tower  
  93  9:11  Ghost Academy  
  93  9:12  Terran Infantry Weapons Level 1  
  93  9:22  Widow Mine  
  95  9:30  SCV  
  96  9:40  Supply Depot  
  96  9:41  Supply Depot  
  96  9:42  Marine x2, SCV  
  96  9:44  Widow Mine  
  101  9:59  Marine  
  101  10:00  Marine  
  101  10:05  Widow Mine  
  105  10:17  Marine  
  105  10:18  Marine  
  107  10:26  Marine x5, Widow Mine  
  114  10:35  Marine  
  114  10:36  Marine  
  114  10:41  Nuke  
  116  10:43  Marine  
  116  10:44  Marine x4  
  120  10:53  Marine x2  
  122  11:01  Marine  
  122  11:02  Marine x4  
  127  11:04  Siege Tank  
  127  11:06  Terran Infantry Armor Level 1  
  127  11:11  Marine x2  
  132  11:19  Marine x2  
  132  11:20  Marine x3  
  137  11:28  Starport  
  136  11:42  Marine  
  136  11:45  Siege Tank  
Show
View Real Time Build Order
Export as new Build Order

ViBE Terran - Winner!

Build Orders:  

Get SALT Encoding   

  12  0:00  SCV  
  13  0:12  SCV  
  14  0:19  Supply Depot  
  14  0:24  SCV  
  15  0:41  SCV  
  16  0:45  Barracks  
  16  0:49  Refinery  
  16  0:53  SCV  
  17  1:06  SCV  
  18  1:18  SCV  
  19  1:32  Orbital Command  
  19  1:33  Marine  
  20  1:40  Command Center  
  20  1:50  Supply Depot  
  20  1:51  Marine  
  21  1:57  SCV  
  22  2:11  Marine  
  23  2:19  SCV  
  24  2:23  Factory  
  24  2:31  Barracks Reactor  
  24  2:34  SCV  
  25  2:46  SCV  
  25  2:49  Supply Depot  
  26  2:52  Orbital Command  
  26  2:58  SCV  
  27  3:08  Factory Tech Lab  
  27  3:09  Refinery, Barracks  
  27  3:10  Marine x2, SCV  
  30  3:18  Supply Depot, SCV  
  31  3:22  SCV  
  32  3:28  Marine x2, Siege Tank  
  37  3:35  SCV x2  
  39  3:45  Supply Depot  
  39  3:46  Marine x2  
  39  3:47  SCV x2  
  43  3:58  Barracks Tech Lab  
  43  4:00  Siege Tank  
  46  4:04  SCV x2  
  46  4:08  Supply Depot  
  48  4:10  Starport  
  48  4:14  Marine x2  
  48  4:16  Marine  
  51  4:17  SCV x2  
  53  4:29  SCV x2  
  55  4:36  Marine  
  55  4:37  Marine x2, Siege Tank  
  61  4:44  Command Center  
  61  4:45  SCV  
  61  4:46  SCV  
  63  4:53  Starport Reactor  
  63  4:54  Marine x2  
  63  4:55  Marine  
  63  4:58  Supply Depot x3  
  66  5:12  Marine x3  
  69  5:16  SCV x2  
  70  5:28  SCV x2  
  72  5:32  Barracks x2  
  72  5:35  Barracks  
  72  5:36  Engineering Bay x2  
  72  5:37  Barracks  
  72  5:40  Refinery  
  72  5:41  Refinery  
  72  5:47  SCV x2  
  72  5:49  Stimpack  
  74  5:53  Siege Tank  
  74  5:55  Medivac  
  79  5:59  SCV  
  79  6:00  SCV  
  79  6:03  Orbital Command  
  81  6:18  SCV x2  
  81  6:19  Marine  
  81  6:20  Marine x2  
  86  6:26  Barracks Reactor x4  
  86  6:30  SCV x2  
  86  6:31  SCV  
  89  6:34  Terran Infantry Weapons Level 1  
  89  6:35  Terran Infantry Armor Level 1  
  89  6:37  Marine x2  
  91  6:41  Orbital Command  
  91  6:42  SCV  
  91  6:43  SCV  
  93  6:55  Command Center  
  93  6:57  Infernal Pre-Igniter  
  93  6:59  Hellion  
  93  7:00  Medivac x2  
  99  7:01  Marine  
  99  7:02  Marine x5  
  99  7:06  SCV  
  99  7:07  SCV x2  
  108  7:19  SCV x3  
  111  7:24  Marine x6  
  117  7:31  Armory  
  117  7:50  Supply Depot x4  
  117  7:51  Supply Depot  
  117  7:58  Supply Depot  
  117  7:59  Supply Depot  
  117  8:06  Marine x9, Medivac x2  
  117  8:07  Hellion  
  117  8:11  Marine x2  
  134  8:12  Command Center  
  134  8:15  SCV x2  
  134  8:16  SCV  
  134  8:18  Refinery  
  134  8:19  Refinery  
  137  8:24  Marine x3  
  137  8:26  Terran Vehicle Weapons Level 1  
  140  8:28  Smart Servos  
  140  8:31  Terran Infantry Weapons Level 2  
  140  8:32  Terran Infantry Armor Level 2  
  142  8:34  Marine, Hellbat  
  142  8:35  Marine x6  
  142  8:36  Marine  
  150  8:44  Combat Shield  
  150  8:48  SCV x3  
  153  8:57  Supply Depot  
  153  9:02  SCV x2  
  155  9:03  SCV  
  155  9:04  Planetary Fortress  
  156  9:12  Marine x11  
  156  9:14  SCV x2, Hellbat  
  156  9:15  SCV, Medivac  
  156  9:16  Medivac  
  176  9:28  Command Center  
  176  9:33  Marine x7  
  183  9:47  Supply Depot  
  183  10:10  Marine, Hellbat, Medivac x2  
  183  10:11  Marine x5  
  183  10:12  SCV x3  
  198  10:16  Supply Depot  
  198  10:23  SCV  
  198  10:28  Planetary Fortress  
  199  10:30  SCV  
  200  10:39  Terran Vehicle Weapons Level 2, Supply Depot  
  200  11:02  Supply Depot  
  199  11:13  Starport, Factory  
  199  11:16  Factory Reactor  
  199  11:19  Barracks  
  199  11:20  Barracks x2  
  199  11:21  Barracks  
  199  11:24  Barracks  
  199  11:25  Barracks  
  199  11:30  Barracks  
  199  11:33  Barracks  
  199  11:37  Barracks  
  199  11:38  Barracks  
  199  11:39  Barracks  
  196  11:42  Barracks  
  155  11:58  Marine x11  
  155  12:00  Factory Reactor  
  146  12:01  Starport Reactor  
  142  12:11  Barracks Tech Lab  
  142  12:12  Barracks Tech Lab x4  
  137  12:15  Marine, Barracks Tech Lab  
  137  12:18  Barracks Reactor  
  137  12:20  Command Center  
  137  12:25  Barracks Reactor x3  
  137  12:28  Hellbat x2, Medivac  
  137  12:29  Medivac  
  137  12:32  Marine, Marauder  
  137  12:33  Marine x10, Marauder x6  
  137  12:46  Orbital Command  
  137  12:50  Marine  
  137  12:54  Marauder  
  137  13:47  Command Center  
Tags
 
League
Bronze
Matchup
TvT
Player
ViBE
Race
Terran
Replay Pack
Bronze_League
Spawn Locations
Cross Positions
Add a new tag
Caveats
  • Supply blocks, unpowered buildings, or Contaminate may cause inaccurate times.
  • Supply counts are checked every 10 seconds.